 Dungeon Crawl Stone Soup version 0.25-a0-670-g50981ef59b (webtiles) character file.

Game seed: 2235791613386989726, levelgen mode: deterministic

30 sanka the Sneak (level 3, 18/18 HPs)
             Began as a Felid Wanderer on Mar 29, 2020.
             Quit the game on level 2 of the Dungeon.
             The game lasted 00:04:32 (2734 turns).

sanka the Sneak (Felid Wanderer)                    Turns: 2734, Time: 00:04:32

Health: 18/18      AC:  1    Str:  8    XL:     3   Next: 3%
Magic:  4/4        EV: 16    Int: 11    God:
Gold:   100        SH:  0    Dex: 18    Spells: 2/2 levels left
                                        Lives:  0   Deaths: 1

rFire    . . .     SeeInvis +     - Unarmed
rCold    . . .     Gourm    .   (shield unavailable)
rNeg     . . .     Faith    .   (armour unavailable)
rPois    .         Spirit   .   (helmet unavailable)
rElec    .         Reflect  .   (cloak unavailable)
rCorr    .         Harm     .   (gloves unavailable)
MR       .....                  (boots unavailable)
Stlth    +++.......             (no amulet)
HPRegen  0.06/turn              (no ring)
MPRegen  0.09/turn              (no ring)

@: quick
A: very small, no armour, no weapons or thrown items, stealth, claws 1, fangs 3,
see invisible, carnivore, speed 1, shaggy fur 1, slow metabolism 1, sharp paws
a: no special abilities


You were on level 2 of the Dungeon.
You were not hungry.

You visited 1 branch of the dungeon, and saw 2 of its levels.

You collected 100 gold pieces.


Innate Abilities, Weirdness & Mutations

You cannot wear armour.
You are incapable of wielding weapons or throwing items.
Your paws allow you to move quietly. (Stealth)
You have sharp claws.
You have razor-sharp teeth.
You have supernaturally acute eyesight. (SInv)
You are carnivorous and can eat meat at any time.
You cover ground quickly.
You are covered in fur. (AC +1)
You have a slow metabolism.
Your sharp claws are effective at attacking unaware monsters.


   Skills:
 - Level 4.0 Fighting
 - Level 1.3 Dodging
 - Level 4.0 Stealth
 + Level 3.9 Unarmed Combat
   Level 1.1 Evocations


You had 2 spell levels left.
You didn't know any spells.
Your spell library was empty.

Inventory:

Scrolls
 c - 2 scrolls of teleportation {@r4}
 e - 7 scrolls of identify {unknown}
 j - a scroll of enchant weapon {unknown}
 k - a scroll of remove curse {unknown}
 m - a scroll of noise {unknown}
Potions
 a - a potion of haste {@q3}
 b - a potion of heal wounds {@q2}
 d - a potion of lignification {!q}
 g - 4 potions of stabbing {unknown}
 h - a potion of flight {unknown}
 i - a potion of curing {unknown}
Comestibles
 f - 6 rations

Dungeon Overview and Level Annotations

Branches:
Dungeon (2/15)

Altars:

.....▒▒.......▒▒▒...▒.▒▒
▒▒.... ▒....▒...........b.
▒......▒▒......▒▒▒▒▒........
...▒(▒........▒▒ ▒▒.▒.▒....
▒..▒.▒▒▒▒.....▒ ▒......▒▒..
▒.▒▒.▒ ▒....)▒▒....▒.▒..▒
▒)▒▒.▒▒▒▒....▒....▒ .▒▒.▒
▒.▒▒.▒▒.....)..▒▒.▒ .▒ ..
(.▒▒.▒▒......▒▒▒h.▒
.▒....o..▒▒▒▒▒ ▒.▒▒
.(........▒ ..▒ .......l..▒
.▒▒▒ ..o.......▒ ▒.
▒▒.▒▒.▒▒▒▒▒ ▒ ...▒▒...
▒▒▒▒▒▒▒▒▒ ▒


There were no monsters in sight!


Message History

The bat completely misses you.
A hobgoblin comes into view. It is wielding a +0 club.
The bat closely misses you.
A bat comes into view.
The bat completely misses you.
The hobgoblin shouts!
You hear a shout!
You hear an angry hiss.
The bat hits you.
* * * LOW HITPOINT WARNING * * *
You hear an angry hiss.
Found a ration.
A frilled lizard comes into view.
Found 16 gold pieces and a scroll of teleportation.
The bat completely misses you. The hobgoblin closely misses you.
There is a stone staircase leading down here.
A frilled lizard comes into view.
The bat hits you.
* * * LOW HITPOINT WARNING * * *
Unknown command.
The frilled lizard hisses angrily.
The bat hits you.
* * * LOW HITPOINT WARNING * * *
The bat hits you.
You die...
You are now level 3!
You rejoin the land of the living...
Unknown command.
Are you sure you want to abandon this character and quit the game? (Confirm with "yes".)

Action                   |  1- 3 |  4- 6 || total
-------------------------+-------+-------++-------
Melee: Unarmed           |   166 |       ||   166
       Bite              |    15 |       ||    15
       Punch             |     2 |       ||     2
 Stab: Sleeping          |     1 |       ||     1
  Eat: Chunk             |    10 |       ||    10
Armor: Skin              |    15 |       ||    15
Dodge: Dodged            |   140 |    15 ||   155

Levels and vault maps discovered:
D:1:      psy_arrival_whirlpool, layout_loops_ring
D:2:      layout_rooms, lemuel_round_altar, minmay_pentomino_s4

Notes
Turn   | Place    | Note
-------+----------+-------------------------------------------
     0 | D:1      | sanka the Felid Wanderer began the quest for the Orb.
     0 | D:1      | sanka set off with the following items: a potion of haste
                  | {@q3}, a potion of heal wounds {@q2}, a scroll of
                  | teleportation {@r4}, a potion of lignification {!q}, a
                  | ration
     0 | D:1      | Reached XP level 1. HP: 11/11 MP: 2/2
   500 | D:1      | Reached skill level 2 in Unarmed Combat
   505 | D:1      | Reached XP level 2. HP: 11/15 MP: 3/3
  1549 | D:2      | Reached skill level 3 in Unarmed Combat
  1552 | D:2      | Reached XP level 3. HP: 18/18 MP: 4/4
  1599 | D:2      | HP: 1/18 [hobgoblin (3)]
  2300 | D:1      | HP: 1/18 [gnoll/+0 spear (6)]
  2703 | D:2      | Reached XP level 4. HP: 9/22 MP: 5/5
  2729 | D:2      | HP: 2/22 [bat (1)]
  2733 | D:2      | Slain by a bat
  2734 | D:2      | Reached XP level 3. HP: 0/18 MP: 4/4
  2734 | D:2      | Quit the game

Vanquished Creatures
  An adder (D:2)
  A gnoll (D:1)
  A worm (D:2)
  2 dart slugs (D:2)
  3 orcs (D:1)
  5 bats
  A giant cockroach (D:1)
  2 goblins
  6 hobgoblins
  3 jackals (D:2)
  8 kobolds
  4 frilled lizards
  3 rats (D:1)
40 creatures vanquished.
